 Dungeon Crawl Stone Soup version 0.17.1-3-g152610e (webtiles) character file.

245371 MenacingMecha the Severer (level 19, -7/179 HPs)
             Began as a Hill Orc Berserker on Feb 26, 2016.
             Was the Champion of Trog.
             Shot with a bolt of flame by a yaktaur captain (26 damage)
             ... on level 2 of the Vaults on Feb 27, 2016.
             The game lasted 03:34:19 (53986 turns).

MenacingMecha the Severer (Hill Orc Berserker)     Turns: 53986, Time: 03:34:19

Health: -7/179     AC: 28    Str: 27    XL:     19   Next: 93%
Magic:  28/28      EV: 14    Int:  6    God:    Trog [******]
Gold:   2654       SH:  0    Dex: 12    Spells: 0 memorised, 18 levels left

rFire  + + .     SeeInvis .     N - +8 battleaxe of Quarrel {flame, rElec rF+ Str+4 Dex-4}
rCold  + . .     Clarity  .     o - +1 plate armour {rF+}
rNeg   + . .     SustAt   .     (shield currently unavailable)
rPois  +         Gourm    +     B - +0 helmet {rC+}
rElec  +         Spirit   .     H - +1 ratskin cloak {rPois rN+ Int-1 Dex-1}
rCorr  .         Warding  .     s - +2 pair of gloves {archery}
rMut   .         Stasis   .     d - +0 pair of boots
MR     +++++                    m - amulet of the gourmand
Stlth  ..........               S - ring of protection from magic
                                t - ring of protection from magic

@: very slightly contaminated, regenerating, almost entirely resistant to
hostile enchantments, extremely unstealthy
A: claws 1, talons 1, agile 1
a: Berserk, Trog's Hand, Brothers in Arms, Burn Spellbooks, Renounce Religion
}: 1/15 runes: decaying


You were on level 2 of the Vaults.
You worshipped Trog.
Trog was exalted by your worship.
You were completely stuffed.

You visited 7 branches of the dungeon, and saw 38 of its levels.
You also visited: Labyrinth, Ice Cave and Volcano.

You collected 3746 gold pieces.
You spent 1092 gold pieces at shops.

Inventory:

Hand Weapons
 j - a +3 antimagic battleaxe
 N - the +8 battleaxe of Quarrel (weapon) {flame, rElec rF+ Str+4 Dex-4}
   (Trog gifted it to you on level 1 of the Vaults)

   It has been specially enchanted to burn those struck by it, causing extra
   injury to most foes and up to half again as much damage against particularly
   susceptible opponents.
   Big, fiery blades are also staple armaments of hydra-hunters.
   It affects your strength (+4).
   It affects your dexterity (-4).
   It protects you from fire.
   It insulates you from electricity.
Missiles
 h - 9 javelins of returning
 x - 3 javelins
 D - 12 javelins of penetration (quivered)
 I - 8 silver tomahawks
 Q - 16 tomahawks of dispersal
Armour
 d - a +0 pair of boots (worn)
 o - a +1 plate armour of fire resistance (worn)
 s - a +2 pair of gloves of archery (worn)
 B - a +0 helmet of cold resistance (worn)
 H - the +1 ratskin cloak (worn) {rPois rN+ Int-1 Dex-1}
   (You found it in a labyrinth)

   It affects your intelligence (-1).
   It affects your dexterity (-1).
   It protects you from poison.
   It protects you from negative energy.
Rods
 b - a +9 rod of clouds (13/13)
   (You took it off a minotaur in a labyrinth)
Jewellery
 e - a +5 ring of dexterity
 m - an amulet of the gourmand (around neck)
 t - a ring of protection from magic (left hand)
 u - an uncursed ring of invisibility {unknown}
 A - an uncursed ring of protection from cold
 C - an uncursed amulet of resist corrosion
 S - a ring of protection from magic (right hand)
 T - an uncursed amulet of clarity
Wands
 g - a wand of teleportation (6)
 k - a wand of lightning (1)
 p - a wand of hasting (5)
 G - a wand of digging (12)
 L - a wand of paralysis (14)
 O - a wand of confusion (21)
 P - a wand of slowing (18)
Scrolls
 i - 6 scrolls of remove curse
 n - 6 scrolls of identify
 r - 8 scrolls of blinking
 J - 4 scrolls of magic mapping
 K - 2 scrolls of summoning
 R - 15 scrolls of teleportation
 V - 6 scrolls of recharging
 W - 4 scrolls of fear
 X - 3 scrolls of fog
Potions
 f - a potion of haste
 l - a potion of resistance
 q - 5 potions of heal wounds
 v - 17 potions of curing
 E - 6 potions of might
 F - a potion of cancellation
 U - a potion of flight
Books
 M - a Fen Folio

   Spells                             Type                      Level
   a - Corpse Rot                     Necromancy                   2
   b - Stone Arrow                    Conjuration/Earth            3
   c - Leda's Liquefaction            Hexes/Earth                  4
   d - Summon Forest                  Summoning/Translocation      5
   e - Hydra Form                     Transmutation                6
   f - Summon Hydra                   Summoning                    7
   Trog disapproves of the use of such an item.
Miscellaneous
 y - an ornate deck of summoning {the Illusion}
Comestibles
 c - 20 bread rations
 w - 19 chunks of flesh
 z - 2 meat rations


   Skills:
 + Level 17.8 Fighting
 - Level 20.0 Axes
 * Level 11.4 Throwing
 + Level 16.1 Armour
 + Level 12.9 Dodging
 - Level 13.1 Evocations


You had 18 spell levels left.
You didn't know any spells.

Dungeon Overview and Level Annotations

Branches:
Dungeon (15/15)            Temple (0/1) D:7            Lair (8/8) D:9
  Swamp (4/4) Lair:5        Snake (3/4) Lair:4        Slime (0/6) Lair:8
    Orc (4/4) D:9             Elf (2/3) Orc:3        Vaults (2/5) D:13
 Depths (0/5) D:15
  Crypt: Vaults:2-3

Altars:
Ashenzari
Cheibriados
Fedhas
Gozag
Makhleb
Okawaru
Qazlal
Ru
Sif Muna
Trog
Vehumet
Xom
Yredelemnul
The Shining One
Jiyva

Shops:
D:13 *   D:14 }   D:15 (   Orc:4 !?[(

Annotations:
D:3 fruit by oklob, exclusion: oklob plant
D:14 exclusion: Roxanne, Roxanne
Lair:2 stash
Lair:5 36 gold pieces + tele scroll, need fly
Lair:8 1 runed door, 2 acid blobs behind door
Elf:2 3 runed doors(hall of blades)


Innate Abilities, Weirdness & Mutations

You have sharp fingernails.
You have sharp toenails.
You are agile. (Dex +2)


Message History

The yaktaur wields an arbalest.
The yaktaur shoots a bolt of frost.
The bolt of frost hits you.
* * * LOW HITPOINT WARNING * * *
Things that are here:
a bolt of frost; a bolt of flame What do you say? t - Shout!
Orders for allies: a - Attack new target. r - Retreat! s - Stop attacking. w - Wait here. f - Follow me.
Anything else - Stay silent.
Okay, then.
Read which item? (? for menu, Esc to quit)
Blink to where?
Press: ? - help, Dir - move target cursor You are very lightly contaminated with residual magic.
As you read the scroll of blinking, it crumbles to dust.
The yaktaur captain shoots a bolt of flame.
The bolt of flame hits you!!
You die...

#...........(......#
####...............# #
#...........(...#####c#
#...............#c....#
#.############.))))...#
#.#..........#(§#)....#
#.#..........#..#.....#
#.#...†......'..#........
#.#†........@#..######...
#.†..........#(.# ..
#.#..........#..# .
#.############(.# ...
.........# .....
.........# #......
.........# #.......
.........#
#.................#


You could see a yaktaur captain.

Vanquished Creatures
  Vashnia (Snake:2)
  Nikola (Snake:2)
  Gastronok (D:8)
  3 thorn hunters
  Kirke (D:14)
  2 greater nagas (Snake:3)
  Donald (Snake:3)
  Maud (Orc:3)
  7 vault wardens (Vaults:1)
  Aizul (Snake:3)
  The ghost of chimenez the Bludgeoner, a journeyman NaFi of Okawaru (Lair:7)
  A very ugly thing (Swamp:4)
  4 ironheart preservers
  The ghost of Woxaris the Warrior, a journeyman MiFi of Ashenzari (D:13)
  A minotaur (Lab)
  Snorg (D:14)
  13 vault guards
  Erolcha (D:8)
  An ettin (Vaults:1)
  Josephine (D:12)
  25 hydras
  2 yaktaur captains
  4 fire dragons
  A naga warrior (Snake:3)
  2 ice dragons
  7 alligators
  6 centaur warriors
  A ghost crab (Swamp:4)
  10 ogre magi
  5 anacondas
  A large abomination (Elf:1)
  2 dancing weapons (Elf:2)
  6 death yaks (Lair:8)
  4 shock serpents
  An orc high priest (Elf:1)
  2 tengu warriors (D:13)
  11 naga sharpshooters
  9 deep elf knights
  6 spriggans
  A fire crab (Lair:8)
  A skeletal warrior (Vaults:1)
  A small abomination (Vaults:1)
  11 swamp dragons
  6 deep elf summoners
  A giant orange brain (Vaults:2)
  6 spriggan druids
  Pikel (D:4)
  A hill giant (shapeshifter) (D:13)
  The ghost of dricus the Covered, a novice MiBe of Trog (D:6)
  8 ironbrand convokers
  4 naga ritualists
  5 hill giants
  A wolf spider zombie (Vaults:1)
  8 deep elf conjurers
  5 orc sorcerers
  3 orc knights
  3 human zombies (Vaults:1)
  3 wolf spiders
  3 necromancers
  8 mana vipers
  A frost giant zombie (Vaults:1)
  6 griffons
  A manticore (D:11)
  A sphinx skeleton (Vaults:1)
  A stone giant skeleton (Vaults:1)
  9 cyclopes
  2 hornets
  9 salamanders
  4 elephants (Lair:8)
  5 ugly things
  4 vault sentinels
  9 naga magi
  An ice statue (IceCv)
  25 black mambas
  A gargoyle (D:14)
  2 molten gargoyles (Volcano)
  15 komodo dragons
  An efreet (D:13)
  3 kobold demonologists
  12 spiny frogs
  A fire drake (Lair:8)
  A redback zombie (Vaults:1)
  A jumping spider (Vaults:2)
  11 yaktaurs
  A wolf spider simulacrum (IceCv)
  12 freezing wraiths
  8 deep elf priests
  A tengu conjurer (D:15)
  10 polar bears
  7 trolls
  20 two-headed ogres
  7 giant leeches
  A stone giant simulacrum (Vaults:1)
  2 boulder beetles (Vaults:1)
  13 blink frogs
  20 slime creatures
  8 bog bodies
  A trapdoor spider zombie (D:13)
  A trapdoor spider (D:12)
  2 raiju (Lair:8)
  7 wraiths
  Sigmund (D:6)
  3 shadows (D:15)
  A hog (D:14)
  5 redbacks
  16 deep elf magi
  7 basilisks
  44 yaks
  A yak (shapeshifter) (Vaults:2)
  23 vampire mosquitoes
  A vampire (D:13)
  10 hippogriffs
  19 deep elf fighters
  4 steam dragons
  A hungry ghost (D:13)
  5 mottled dragons
  15 wolves
  A fire bat (Volcano)
  20 swamp worms
  7 insubstantial wisps
  A death yak simulacrum (IceCv)
  23 swamp drakes
  14 wargs
  24 nagas
  11 porcupines
  22 water moccasins
  A black bear (shapeshifter) (D:14)
  A sky beast (shapeshifter) (D:13)
  4 hell hounds (Lair:8)
  An eye of draining (shapeshifter) (D:13)
  7 ice beasts
  2 phantoms
  7 wasps
  15 black bears
  47 ogres
  24 orc warriors
  10 centaurs
  A human skeleton (Vaults:1)
  3 sky beasts
  22 crocodiles
  23 giant frogs
  A brain worm (D:11)
  3 big kobolds
  A wyvern skeleton (D:10)
  13 killer bees
  An orc simulacrum (Vaults:1)
  4 scorpions
  8 wights
  4 electric eels
  A wyvern simulacrum (D:14)
  5 crimson imps
  4 centaur zombies
  2 lava snakes (Volcano)
  2 giant frog zombies
  6 jellies
  24 orc wizards
  15 orc priests
  4 giant frog skeletons
  20 hounds
  4 centaur skeletons
  5 draconian simulacra (IceCv)
  A gnoll shaman (D:4)
  Terence (D:3)
  A boulder beetle simulacrum (Vaults:1)
  Natasha (thrice) (D:3)
  15 iguanas
  2 troll simulacra (IceCv)
  7 worker ants
  31 sheep
  2 polar bear simulacra (IceCv)
  A centaur simulacrum (IceCv)
  Robin (D:3)
  9 gnolls
  A worker ant zombie (D:10)
  78 river rats
  5 ogre simulacra (IceCv)
  12 white imps (IceCv)
  5 shadow imps
  18 adders
  7 naga simulacra (IceCv)
  An ooze (D:3)
  An adder zombie (D:5)
  An adder skeleton (D:9)
  A worm (D:2)
  163 orcs
  7 ball pythons
  6 bats (D:1)
  3 giant cockroaches
  18 goblins
  16 hobgoblins
  24 jackals
  14 kobolds
  3 quokkas
  3 giant geckos
  6 giant newts
  10 rats
  A spectral orc (D:4)
  9 briar patches
  A bush (Lair:7)
  8 fungi
  13 plants
1560 creatures vanquished.

Vanquished Creatures (collateral kills)
  Rupert (Orc:3)
  Nessos (D:12)
  The ghost of MenacingMecha the Slicer, a journeyman HaFi of Okawaru (Orc:1)
  Urug (Volcano)
  A deep elf knight (Elf:1)
  A deep elf summoner (Elf:1)
  A large abomination (Elf:1)
  A small abomination (Elf:1)
  A deep elf conjurer (Elf:1)
  A deep elf priest (Elf:1)
  A deep elf mage (Elf:1)
  A deep elf fighter (Elf:1)
  A black bear (D:12)
  3 orc warriors (Volcano)
  An orc priest (Orc:3)
  An orc wizard (Orc:3)
  4 orcs (Orc:3)
  A crawling corpse (Elf:1)
  A fungus (Lair:2)
24 creatures vanquished.

Vanquished Creatures (others)
  A deep elf knight (Elf:1)
  A black mamba (Snake:2)
  A deep elf fighter (Elf:1)
  A human (D:14)
  A swamp drake (D:9)
  An iguana (Lair:8)
  An adder (D:4)
  An orc (D:3)
  36 fungi
  28 plants
  18 toadstools (D:3)
90 creatures vanquished.

Grand Total: 1674 creatures vanquished

Notes
Turn   | Place    | Note
--------------------------------------------------------------
     0 | D:1      | MenacingMecha the Hill Orc Berserker began the quest for the Orb.
     0 | D:1      | Reached XP level 1. HP: 19/19 MP: 1/1
   233 | D:1      | Reached XP level 2. HP: 22/26 MP: 2/2
   478 | D:1      | Reached skill level 5 in Axes
   820 | D:1      | You fall through a shaft!
   943 | D:1      | Reached ** piety under Trog
   943 | D:1      | Reached XP level 3. HP: 27/31 MP: 3/3
  1619 | D:2      | Reached skill level 6 in Axes
  1719 | D:2      | Found a shimmering altar of Xom.
  1774 | D:2      | Reached XP level 4. HP: 39/39 MP: 4/4
  1948 | D:3      | Noticed Terence
  1956 | D:3      | Killed Terence
  2090 | D:3      | Found an opulent altar of Gozag.
  2107 | D:3      | Reached *** piety under Trog
  2107 | D:3      | Reached skill level 7 in Axes
  2235 | D:3      | Reached XP level 5. HP: 45/45 MP: 5/5
  2293 | D:3      | Found a bloodstained altar of Trog.
  2324 | D:3      | Noticed Robin
  2327 | D:3      | Found a shattered altar of Ashenzari.
  2334 | D:3      | Killed Robin
  2536 | D:3      | Found a blossoming altar of Fedhas.
  2536 | D:3      | Noticed Natasha
  2549 | D:3      | Killed Natasha
  2549 | D:3      | Reached skill level 8 in Axes
  2606 | D:3      | Noticed an oklob plant
  2703 | D:3      | Noticed Natasha
  2717 | D:3      | Killed Natasha
  2977 | D:3      | Reached XP level 6. HP: 27/51 MP: 6/6
  3088 | D:3      | Reached skill level 9 in Axes
  3535 | D:3      | Noticed Natasha
  3540 | D:3      | Killed Natasha
  3540 | D:3      | Reached **** piety under Trog
  3850 | D:4      | Found a radiant altar of Vehumet.
  3907 | D:4      | Found a glowing golden altar of the Shining One.
  3919 | D:4      | Got a scorched large shield
  3928 | D:4      | Identified the cursed +0 large shield of the Will of the Gods {+Inv rF+ Dex-4} (You found it on level 4 of the Dungeon)
  4260 | D:4      | Noticed Pikel
  4279 | D:4      | Killed Pikel
  4279 | D:4      | Reached skill level 11 in Axes
  4279 | D:4      | Reached XP level 7. HP: 57/57 MP: 7/7
  4279 | D:4      | Reached XP level 8. HP: 64/64 MP: 8/8
  4382 | D:4      | Found a basalt altar of Yredelemnul.
  4440 | D:4      | Reached skill level 12 in Axes
  4859 | D:5      | Entered Level 5 of the Dungeon
  5494 | D:5      | Found a stormy altar of Qazlal.
  5520 | D:5      | Reached skill level 13 in Axes
  5956 | D:5      | Found a deep blue altar of Sif Muna.
  5992 | D:5      | Got a faintly glowing ring mail
  5993 | D:5      | Identified the +4 ring mail "Axzucupp" {rPois Str+2 Int-5 Dex+3} (You found it on level 5 of the Dungeon)
  6538 | D:5      | Reached skill level 14 in Axes
  6721 | D:6      | Noticed dricus's ghost (novice MiBe)
  6803 | D:6      | Reached XP level 9. HP: 60/71 MP: 9/9
  6892 | D:6      | Reached skill level 1 in Throwing
  7156 | D:6      | Noticed Sigmund
  7168 | D:6      | Found a snail-covered altar of Cheibriados.
  7729 | D:7      | Found a deep blue altar of Sif Muna.
  7882 | D:7      | Found a staircase to the Ecumenical Temple.
  7954 | D:7      | Reached ***** piety under Trog
  8036 | D:8      | Reached skill level 5 in Fighting
  8517 | D:8      | Noticed Erolcha
  8541 | D:8      | Killed Erolcha
  8541 | D:8      | Reached XP level 10. HP: 83/83 MP: 10/10
  8717 | D:8      | Got a fine ring mail
  8718 | D:8      | Identified the +3 ring mail of an ossuary {+Inv rElec rPois rC+} (You found it on level 8 of the Dungeon)
  9037 | D:8      | Noticed Gastronok
  9069 | D:8      | Killed Gastronok
  9069 | D:8      | Reached skill level 5 in Throwing
  9069 | D:8      | Reached skill level 5 in Armour
  9206 | D:9      | Received a gift from Trog
  9736 | D:9      | Found a staircase to the Lair.
  9874 | D:9      | Found a staircase to the Orcish Mines.
 10064 | D:9      | Reached XP level 11. HP: 85/93 MP: 11/11
 10429 | D:9      | Identified a scroll of acquirement
 10473 | D:9      | Gained mutation: You have sharp fingernails. [potion of mutation]
 10473 | D:9      | Gained mutation: You are agile. (Dex +2) [potion of mutation]
 10473 | D:9      | Gained mutation: You have sharp toenails. [potion of mutation]
 10575 | D:10     | Entered Level 10 of the Dungeon
 10696 | D:10     | Reached skill level 5 in Dodging
 10843 | D:10     | Reached skill level 15 in Axes
 11351 | Lair:1   | Entered Level 1 of the Lair of Beasts
 11608 | Lair:1   | Received a gift from Trog
 12297 | Lair:1   | Received a gift from Trog
 12906 | Lair:2   | Received a gift from Trog
 13464 | Lair:2   | Reached skill level 16 in Axes
 13762 | Lair:3   | Received a gift from Trog
 13773 | Lair:3   | Reached XP level 12. HP: 104/104 MP: 12/12
 14613 | Lair:4   | Found a dark tunnel.
 14647 | Lair:4   | Found a staircase to the Snake Pit.
 14838 | Volcano  | Entered a volcano
 15842 | Volcano  | Found a bloodstained altar of Trog.
 15842 | Volcano  | Noticed Urug
 15847 | Volcano  | Killed Urug
 16771 | Lair:4   | Reached skill level 10 in Fighting
 17869 | Orc:1    | Entered Level 1 of the Orcish Mines
 17884 | Orc:1    | Noticed MenacingMecha's ghost (journeyman HaFi)
 17893 | Orc:1    | Killed MenacingMecha's ghost
 17936 | Orc:1    | Found a frozen archway.
 17937 | Orc:1    | Noticed an ice dragon
 17954 | Orc:1    | Killed an ice dragon
 18090 | IceCv    | Entered an ice cave
 18290 | IceCv    | Received a gift from Trog
 18693 | IceCv    | Found an ancient bone altar of Kikubaaqudgha.
 18720 | IceCv    | Reached XP level 13. HP: 77/115 MP: 13/13
 19127 | IceCv    | Identified the Reference Book on the Snowflakes
 19129 | IceCv    | Identified Xenonah's Volume of the Hurtful Glacier
 19668 | Orc:2    | Received a gift from Trog
 19959 | Orc:2    | Reached ****** piety under Trog
 20007 | Orc:2    | Received a gift from Trog
 20252 | Orc:2    | You fall through a shaft!
 20253 | Orc:3    | Found a staircase to the Elven Halls.
 20367 | Orc:1    | Received a gift from Trog
 20402 | Orc:1    | Received a gift from Trog
 20953 | Orc:3    | Noticed Maud
 20958 | Orc:3    | Noticed Rupert
 20973 | Orc:3    | Killed Maud
 20978 | Orc:3    | Killed Rupert
 20981 | Orc:3    | Received a gift from Trog
 21304 | Orc:2    | Received a gift from Trog
 21963 | D:6      | Killed Sigmund
 21963 | D:6      | Reached skill level 10 in Armour
 22006 | D:6      | Found a sacrificial altar of Ru.
 22062 | D:6      | Killed dricus's ghost
 22157 | D:6      | Found an iron altar of Okawaru.
 22157 | D:6      | Found a burning altar of Makhleb.
 22490 | D:11     | Reached skill level 10 in Throwing
 22804 | D:11     | Received a gift from Trog
 23300 | D:11     | Received a gift from Trog
 23573 | D:12     | Received a gift from Trog
 23697 | D:12     | Noticed Josephine
 23707 | D:12     | Killed Josephine
 24246 | D:12     | Noticed Nessos
 24263 | D:12     | Killed Nessos
 24263 | D:12     | Reached XP level 14. HP: 51/126 MP: 14/14
 24858 | D:13     | Reached skill level 17 in Axes
 25022 | D:13     | Received a gift from Trog
 25076 | D:13     | Received a gift from Trog
 25412 | D:13     | Noticed Woxaris's ghost (journeyman MiFi)
 25433 | D:13     | Killed Woxaris's ghost
 25554 | D:13     | Found Cagogrura's Serpentskin Sales.
 25968 | D:13     | Found a gate to the Vaults.
 26131 | D:13     | Reached skill level 18 in Axes
 26860 | Lair:5   | Found a staircase to the Swamp.
 27055 | Lair:5   | Received a gift from Trog
 28216 | Lair:6   | Received a gift from Trog
 28287 | Lair:7   | Found a labyrinth entrance.
 28311 | Lair:7   | Noticed chimenez's ghost (journeyman NaFi)
 28333 | Lair:7   | Killed chimenez's ghost
 28395 | Lab      | Entered a labyrinth
 29143 | Lab      | Reached XP level 15. HP: 135/135 MP: 15/15
 29148 | Lab      | Got a smoking hunting sling {flame}
 29177 | Lab      | Got a heavily runed ring mail
 29211 | Lab      | Identified the cursed +1 ring mail "Ziczy" {rF- Int+5} (You found it in a labyrinth)
 29255 | Lair:7   | Identified a +8 rod of clouds (11/11) (You took it off a minotaur in a labyrinth)
 29497 | Lair:7   | Received a gift from Trog
 29994 | Lair:8   | Entered Level 8 of the Lair of Beasts
 30078 | Lair:8   | Received a gift from Trog
 30388 | Lair:8   | Reached skill level 19 in Axes
 30902 | Lair:8   | Received a gift from Trog
 31549 | Lair:8   | Got a slimy cloak
 31560 | Lair:8   | Identified the -5 cloak of Terror {rPois rCorr MP-9} (You found it on level 8 of the Lair of Beasts)
 31758 | Lair:8   | Received a gift from Trog
 31788 | Lair:8   | Reached skill level 10 in Dodging
 32105 | Lair:8   | Identified a +1 rod of clouds (14/14) (You found it on level 8 of the Lair of Beasts)
 32323 | Lair:8   | Found a runed door.
 32323 | Lair:8   | Found a viscous altar of Jiyva.
 32330 | Lair:8   | Noticed an acid blob
 32331 | Lair:8   | Found a staircase to the Slime Pits.
 32331 | Lair:8   | Noticed an acid blob
 32480 | Lair:8   | Received a gift from Trog
 32731 | Orc:4    | Entered Level 4 of the Orcish Mines
 33117 | Orc:4    | Reached skill level 20 in Axes
 33175 | Orc:4    | Received a gift from Trog
 33175 | Orc:4    | Reached XP level 16. HP: 137/146 MP: 16/16
 33196 | Orc:4    | Reached skill level 1 in Evocations
 33262 | Orc:4    | Found Foimyt's Antique Armour Boutique.
 33262 | Orc:4    | Found Nypa's Distillery.
 33264 | Orc:4    | Found Byon's Weapon Emporium.
 33264 | Orc:4    | Found Opevett's Magic Scroll Boutique.
 33283 | Orc:4    | Bought a pair of translucent gloves for 275 gold pieces
 33293 | Orc:4    | Identified the +0 pair of gloves of the Equinox {-Tele rPois Dex+6 SInv} (You bought it in a shop on level 4 of the Orcish Mines)
 33309 | Orc:4    | Bought a runed plate armour for 667 gold pieces
 33309 | Orc:4    | Bought a pair of glowing gloves for 130 gold pieces
 33309 | Orc:4    | Bought a robe for 20 gold pieces
 33702 | Elf:1    | Entered Level 1 of the Elven Halls
 33803 | Elf:1    | Received a gift from Trog
 34787 | Elf:1    | Reached skill level 5 in Evocations
 34793 | Elf:1    | Received a gift from Trog
 34829 | Elf:1    | Got a pitted battleaxe {god gift}
 35257 | Elf:1    | Identified the +12 battleaxe of the Grave {chop, Dex+3} (Trog gifted it to you on level 1 of the Elven Halls)
 35876 | Swamp:1  | Entered Level 1 of the Swamp
 35984 | Swamp:1  | You fall through a shaft!
 36399 | Swamp:1  | Received a gift from Trog
 36691 | Swamp:1  | Reached skill level 15 in Fighting
 37915 | Swamp:3  | Reached XP level 17. HP: 103/156 MP: 21/21
 38481 | Swamp:3  | Received a gift from Trog
 38993 | Snake:1  | Entered Level 1 of the Snake Pit
 38993 | Snake:1  | Found an iron altar of Okawaru.
 40068 | Snake:2  | Noticed Nikola
 40845 | D:14     | Noticed Snorg
 40854 | D:14     | Killed Snorg
 40970 | D:14     | Found Iluorijo's Gadget Emporium.
 40989 | D:14     | Noticed Roxanne
 41325 | D:14     | Noticed Kirke
 41343 | D:14     | Killed Kirke
 41910 | D:15     | Entered Level 15 of the Dungeon
 42123 | D:15     | Found Waxiuzxi's Weapon Shop.
 42551 | D:15     | Found a staircase to the Depths.
 42558 | D:15     | Received a gift from Trog
 43163 | Snake:2  | Killed Nikola
 44085 | Snake:2  | Received a gift from Trog
 44486 | Snake:3  | Noticed Vashnia
 44497 | Snake:2  | Killed Vashnia
 44906 | Snake:2  | Reached XP level 18. HP: 157/166 MP: 21/25
 45013 | Snake:3  | Noticed Aizul
 45024 | Snake:3  | Killed Aizul
 45736 | Snake:3  | Reached skill level 10 in Evocations
 46209 | Snake:3  | Noticed Donald
 46227 | Snake:3  | Killed Donald
 46254 | Snake:3  | Received a gift from Trog
 46573 | Lair:3   | Noticed a five-headed hydra
 46651 | Lair:3   | Killed a one-headed hydra
 47130 | Swamp:4  | Entered Level 4 of the Swamp
 47906 | Swamp:4  | Reached skill level 15 in Armour
 48518 | Swamp:4  | Got a decaying rune of Zot
 48748 | Swamp:4  | Received a gift from Trog
 50042 | Elf:2    | Received a gift from Trog
 50113 | Elf:2    | Received a gift from Trog
 50125 | Elf:2    | Reached XP level 19. HP: 110/174 MP: 27/27
 50342 | Elf:2    | Found a runed gate.
 50342 | Elf:2    | Found a runed gate.
 50342 | Elf:2    | Found a runed gate.
 50994 | Vaults:1 | Entered Level 1 of the Vaults
 52411 | Vaults:1 | Received a gift from Trog
 52414 | Vaults:1 | Got a twisted battleaxe {god gift}
 52415 | Vaults:1 | Identified the +8 battleaxe of Quarrel {flame, rElec rF+ Str+4 Dex-4} (Trog gifted it to you on level 1 of the Vaults)
 53830 | Vaults:2 | Received a gift from Trog
 53986 | Vaults:2 | Shot with a bolt of flame by a yaktaur captain

Action                   |  1- 3 |  4- 6 |  7- 9 | 10-12 | 13-15 | 16-18 | 19-21 || total
-------------------------+-------+-------+-------+-------+-------+-------+-------++-------
Melee: Hand axe          |   131 |   252 |   290 |  1339 |   339 |       |       ||  2351
       War axe           |       |       |    23 |    89 |    53 |       |       ||   165
       Battleaxe         |       |       |       |       |  1134 |  1115 |   370 ||  2619
       Broad axe         |       |       |       |       |    12 |    51 |       ||    63
Throw: Tomahawk          |       |       |     9 |    13 |    44 |     5 |       ||    71
       Throwing net      |       |       |     1 |       |       |       |       ||     1
       Javelin           |       |       |       |     6 |    26 |    30 |    16 ||    78
Invok: Berserk           |     2 |     5 |     6 |    10 |     8 |     6 |       ||    37
       Trog's Hand       |       |       |     1 |       |       |       |     1 ||     2
       Brothers in Arms  |       |       |       |     2 |     2 |     3 |       ||     7
       Burn Spellbooks   |       |       |       |       |     1 |     3 |       ||     4
Evoke: Wand              |       |       |       |       |     5 |       |       ||     5
  Use: Scroll            |       |     4 |     2 |    19 |    17 |     7 |     2 ||    51
       Potion            |       |       |       |    15 |       |     1 |       ||    16
 Stab: Sleeping          |     1 |       |       |       |       |       |       ||     1
       Confused          |       |       |       |       |     2 |       |       ||     2
       Distracted        |       |       |       |       |       |     1 |       ||     1
  Eat: Chunk             |     5 |    12 |    18 |    33 |    58 |    61 |    12 ||   199
       Royal jelly       |       |       |     3 |       |       |       |       ||     3
       Beef jerky        |       |       |       |     2 |     2 |       |       ||     4
       Meat ration       |       |       |       |     3 |     1 |       |       ||     4
       Pizza             |       |       |       |     1 |     2 |       |       ||     3
       Bread ration      |       |       |       |       |     1 |       |       ||     1
       Fruit             |       |       |       |       |     1 |       |       ||     1
